[Event "Team 45 45 League T39"]
[Site "Internet Chess Club"]
[Date "2008.10.31"]
[Round "2"]
[White "Russellovich"]
[Black "Konstantinos"]
[Result "1-0"]
[WhiteElo "1772"]
[BlackElo "1680"]
[Opening "Scotch game"]
[ECO "C45"]
[Time "08:07:20"]
[TimeControl "2700+45"]

1. e4 e5 2. Nf3 Nc6 3. d4 exd4 4. Nxd4 d6 5. Nxc6 bxc6 6. Bc4 g6 7. Nc3 Bg7 8.
Qf3 Qf6 9. Qg3 Qd4 10. Bb3 Nf6 11. Be3 Qb4 12. a3 Qa5 13. Bd2 Qh5 14. f3 O-O 15.
O-O-O Rb8 16. Qf2 Rb7 17. g4 Qe5 18. g5 Nd7 19. f4 Qe7 20. f5 Bxc3 21. Bxc3 Qxe4
22. fxg6 hxg6 23. Rde1 Qf5 24. Qh4 Ne5 25. Rhf1 Qg4 26. Qxg4 Nxg4 27. Bxf7+ Rxf7
28. Re8+ Rf8 29. Rexf8+ {Black resigns} 1-0

[Event "Team 45 45 League T39"]
[Site "Internet Chess Club"]
[Date "2008.11.01"]
[Round "2"]
[White "mfeatherston"]
[Black "fishhead"]
[Result "0-1"]
[WhiteElo "1801"]
[BlackElo "1934"]
[Opening "Pirc defense"]
[ECO "B07"]
[Time "16:00:34"]
[TimeControl "2700+45"]

1. e4 Nf6 2. Nc3 d6 3. d4 g6 4. f3 Bg7 5. Be3 Nbd7 6. Qd2 c6 7. h4 e5 8. O-O-O
Qe7 9. g4 h5 10. g5 Nh7 11. Nh3 exd4 12. Bxd4 Ne5 13. Be2 f6 14. f4 Ng4 15. Bf3
O-O 16. Nf2 Nxf2 17. Bxf2 fxg5 18. hxg5 Rd8 19. Rhe1 Bd7 20. Qxd6 Qf7 21. Qd2
Nxg5 22. Bxh5 Nxe4 23. Rxe4 gxh5 24. Qe1 Bg4 25. Rxd8+ Rxd8 26. Ne2 Qxa2 27. Bd4
Qa1+ 28. Kd2 Qxb2 29. Re8+ Rxe8 30. Bxb2 Rxe2+ 31. Qxe2 Bxe2 32. Bxg7 Kxg7 33.
Kxe2 Kf6 34. Kf3 Kf5 35. Kg3 b5 {White resigns} 0-1

[Event "Team 45 45 League T39"]
[Site "Internet Chess Club"]
[Date "2008.11.01"]
[Round "2"]
[White "kabindra"]
[Black "Fuzzie"]
[Result "0-1"]
[WhiteElo "1809"]
[BlackElo "1847"]
[Opening "Pirc defense"]
[ECO "B07"]
[Time "14:03:31"]
[TimeControl "2700+45"]

1. e4 d6 2. d4 Nf6 3. Nc3 g6 4. h3 Bg7 5. Be3 O-O 6. Qd2 e5 7. d5 Ne8 8. Bg5 f6
9. Bh6 f5 10. Bxg7 Nxg7 11. O-O-O fxe4 12. Nxe4 Bf5 13. Ng5 a5 14. g4 Bd7 15.
Bc4 Na6 16. Ne6 Bxe6 17. dxe6 Qe7 18. h4 Nc5 19. h5 gxh5 20. gxh5 Ne4 21. Qe3
Nxf2 22. Rh2 Nxd1 23. Kxd1 Rf4 24. h6 Qg5 25. Qe2 Qxg1+ 26. Kd2 Qd4+ 27. Bd3
Nxe6 28. c3 Qb6 29. b3 Raf8 30. Qg2+ Kh8 31. Kd1 Rf2 32. Qg3 Rxh2 33. Qxh2 Qf2
{White resigns} 0-1

[Event "Team 45 45 League T39"]
[Site "Internet Chess Club"]
[Date "2008.11.02"]
[Round "2"]
[White "Grenadier"]
[Black "CREDITorDEBIT"]
[Result "1/2-1/2"]
[WhiteElo "1705"]
[BlackElo "1703"]
[Opening "Sicilian"]
[ECO "B50"]
[Time "20:00:52"]
[TimeControl "2700+45"]

1. e4 c5 2. Nf3 d6 3. c3 Nf6 4. Be2 Nxe4 5. Qa4+ Bd7 6. Qxe4 Nc6 7. d4 g6 8. Bf4
Qb6 9. b3 Bg7 10. d5 Nb4 11. O-O Bf5 12. Qc4 Nc2 13. Na3 Nxa3 14. Qa4+ Bd7 15.
Qxa3 Bxc3 16. Rad1 a5 17. Qc1 Bg7 18. Rfe1 O-O 19. Bh6 a4 20. Bc4 Rfe8 21. Bxg7
Kxg7 22. h4 Qb4 23. h5 b5 24. Bd3 axb3 25. Qb2+ f6 26. axb3 Ra3 27. Bc2 c4 28.
Re4 Bf5 29. h6+ Kg8 30. Rxe7 Rxe7 31. Qxf6 Rf7 32. Qd8+ Rf8 33. Qc7 Rf7 34. Qb6
Qa5 35. Qb8+ Rf8 36. Qxd6 Qa7 37. Bxf5 Rxf5 38. Nd4 Rf7 39. Re1 Ra1 40. Kh2 Rxe1
41. Ne6 Rxe6 42. dxe6 Rf8 43. e7 Qxf2 44. exf8=Q+ Qxf8 45. Qd5+ Qf7 46. Qxb5
cxb3 47. Qb8+ Qf8 48. Qxb3+ Qf7 49. Qb8+ Qf8 50. Qxf8+ Kxf8 51. Kg3 Kf7 52. Kf4
Kf6 53. g4 g5+ 54. Ke4 Kg6 55. Ke5 Kxh6 56. Kf5 Kg7 57. Kxg5 h6+ 58. Kh5 Kh7 59.
g5 hxg5 60. Kxg5 {Game drawn because neither player has mating material} 1/2-1/2

[Event "Team 45 45 League T39"]
[Site "Internet Chess Club"]
[Date "2008.10.29"]
[Round "2"]
[White "Mater"]
[Black "GoIrish"]
[Result "1-0"]
[WhiteElo "1698"]
[BlackElo "1596"]
[Opening "King's Indian defense, 3.Nc3"]
[ECO "E61"]
[Time "21:00:16"]
[TimeControl "2700+45"]

1. d4 Nf6 2. c4 g6 3. Nc3 Bg7 4. Bg5 O-O 5. Qd2 d6 6. e4 e5 7. d5 Qe8 8. Nge2
Na6 9. f3 Nd7 10. Bh6 Nb6 11. Bxg7 Kxg7 12. b3 Nd7 13. h4 Nf6 14. h5 Nc5 15.
hxg6 fxg6 16. Qh6+ Kg8 17. O-O-O Qf7 18. g4 Bxg4 19. fxg4 Nxg4 20. Qh4 Nf2 21.
Bh3 Nxd1 22. Kxd1 Qf3 23. Be6+ Kg7 24. Qe7+ Rf7 25. Qxf7+ Qxf7 26. Bxf7 Kxf7 27.
Rxh7+ Kf6 28. Rxc7 Rg8 29. Ke1 g5 30. Kf2 g4 31. Ng3 Kg5 32. Rf7 Kg6 33. Rc7
Rf8+ 34. Kg2 Rf3 35. Nce2 a6 36. Nf5 Kg5 37. Nxd6 Nd3 38. Rf7 Ne1+ 39. Kg1 Rc3
{Black resigns} 1-0

[Event "Team 45 45 League T39"]
[Site "Internet Chess Club"]
[Date "2008.11.02"]
[Round "2"]
[White "therealwizard"]
[Black "jorobo"]
[Result "1-0"]
[WhiteElo "2203"]
[BlackElo "2147"]
[Opening "French: advance variation"]
[ECO "C02"]
[Time "23:30:06"]
[TimeControl "2700+45"]

1. e4 e6 2. d4 d5 3. e5 c5 4. b4 cxd4 5. a3 Nc6 6. f4 a6 7. Nf3 f6 8. Nbd2 Nh6
9. Bd3 Ng4 10. Qe2 Be7 11. Bb2 fxe5 12. Nxe5 Ngxe5 13. fxe5 O-O 14. Nf3 Qb6 15.
h4 Bd7 16. O-O-O Rac8 17. Bxh7+ Kxh7 18. Ng5+ Kg8 19. Qh5 Bxg5+ 20. hxg5 Rf5 21.
g4 Rf2 22. g6 Kf8 23. Qh8+ Ke7 24. Qh4+ {Black resigns} 1-0

[Event "Team 45 45 League T39"]
[Site "Internet Chess Club"]
[Date "2008.11.04"]
[Round "2"]
[White "chsrules88"]
[Black "decox"]
[Result "1-0"]
[WhiteElo "2056"]
[BlackElo "1945"]
[Opening "Sicilian defense"]
[ECO "B44"]
[Time "21:03:01"]
[TimeControl "2700+45"]

1. e4 c5 2. Nf3 e6 3. d4 cxd4 4. Nxd4 Nc6 5. Nxc6 bxc6 6. Bd3 Nf6 7. Bg5 Qc7 8.
O-O h5 9. Bxf6 gxf6 10. Nd2 Bd6 11. Nf3 h4 12. h3 Ke7 13. Qe2 Bb7 14. Rad1 Rag8
15. Ba6 Ba8 16. Rd3 Bf4 17. Bc4 c5 18. Rfd1 Bc6 19. Rb3 Rg7 20. Bb5 Rhg8 21. Ne1
Be5 22. Bxc6 Qxc6 23. Ra3 Bxb2 24. Rxa7 Bd4 25. Ra6 Qc7 26. Qd3 Rg3 27. Qc4 Rxh3
28. Rxd4 Qh2+ 29. Kf1 Qe5 30. Rxd7+ Kxd7 31. gxh3 Rc8 32. Ra7+ Kd8 33. Qd3+ Qd4
34. Qxd4+ cxd4 35. Rxf7 Rc3 36. Kg2 Rc5 37. f4 Rc3 38. Rxf6 Re3 39. Kf2 Rxe4 40.
Nf3 Ke7 41. Rf7+ {Black resigns} 1-0

[Event "Team 45 45 League T39"]
[Site "Internet Chess Club"]
[Date "2008.10.30"]
[Round "2"]
[White "quantjock"]
[Black "PaulKaspar"]
[Result "0-1"]
[WhiteElo "1771"]
[BlackElo "1807"]
[Opening "QGA: 3.Nf3"]
[ECO "D21"]
[Time "22:14:10"]
[TimeControl "2700+45"]

1. d4 d5 2. c4 dxc4 3. Nf3 e6 4. e4 Nf6 5. Nc3 Bb4 6. Qc2 c5 7. dxc5 Bxc5 8.
Bxc4 O-O 9. O-O Nc6 10. Bg5 h6 11. Bh4 g5 12. Bg3 Nh5 13. Rad1 Qe7 14. h3 Nxg3
15. Rfe1 Bd7 16. e5 Rad8 17. Re4 Nxe4 18. Nxe4 Kg7 19. Nf6 Rh8 20. Qe4 Bc8 21.
Re1 Nd4 22. Qg4 Nxf3+ 23. gxf3 Rd4 24. Re4 Rxe4 25. Qxe4 Qd8 26. Bd3 Qd4 27.
Ne8+ Kf8 {White resigns} 0-1

[Event "Team 45 45 League T39"]
[Site "Internet Chess Club"]
[Date "2008.11.02"]
[Round "2"]
[White "Ghashgork"]
[Black "b-spot"]
[Result "1/2-1/2"]
[WhiteElo "1699"]
[BlackElo "1717"]
[Opening "Bird's opening"]
[ECO "A03"]
[Time "15:00:55"]
[TimeControl "2700+45"]

1. f4 d5 2. Nf3 Nf6 3. g3 c5 4. d3 Nc6 5. Bg2 g6 6. O-O Bg7 7. Nc3 d4 8. Ne4
Nxe4 9. dxe4 O-O 10. e3 b6 11. exd4 Nxd4 12. c3 Nxf3+ 13. Bxf3 Bb7 {Game drawn
by mutual agreement} 1/2-1/2

[Event "Team 45 45 League T39"]
[Site "Internet Chess Club"]
[Date "2008.10.31"]
[Round "2"]
[White "nardz"]
[Black "ChronoKnight"]
[Result "0-1"]
[WhiteElo "2081"]
[BlackElo "2028"]
[Opening "QGD: exchange, positional line"]
[ECO "D35"]
[Time "20:06:07"]
[TimeControl "2700+45"]

1. d4 d5 2. c4 e6 3. Nc3 Nf6 4. cxd5 exd5 5. Bg5 Nbd7 6. e3 c6 7. Bd3 Be7 8. Qc2
O-O 9. Nge2 Re8 10. O-O-O b5 11. f3 a5 12. g4 Nf8 13. Ng3 a4 14. Nf5 Bxf5 15.
gxf5 Qa5 16. Rhg1 Kh8 17. Qg2 a3 18. Kb1 b4 19. b3 bxc3 20. e4 g6 21. e5 Nh5 22.
f6 Bb4 23. f4 Ne6 24. Bc2 Nhxf4 25. Qg4 Nxg5 26. Qxg5 Ne6 27. Qg4 c5 28. Rg3 Rg8
29. Rh3 Nf8 30. Rdd3 Qa6 31. Qh4 Qe6 32. Rdg3 cxd4 33. Rg5 d3 34. Bxd3 c2+ 35.
Bxc2 Bd2 36. Rg2 Qxe5 {White resigns} 0-1

[Event "Team 45 45 League T39"]
[Site "Internet Chess Club"]
[Date "2008.11.03"]
[Round "2"]
[White "Aluminum"]
[Black "trucazzo"]
[Result "0-1"]
[WhiteElo "1815"]
[BlackElo "2041"]
[Opening "Dutch, 2.Bg5 variation"]
[ECO "A80"]
[Time "17:21:13"]
[TimeControl "2700+45"]

1. d4 f5 2. Bg5 c6 3. c4 g6 4. Nc3 Bg7 5. Nf3 d6 6. e3 Nf6 7. Bd3 O-O 8. O-O Qe8
9. Re1 e5 10. e4 f4 11. c5 dxc5 12. dxe5 Ng4 13. Qb3+ Kh8 14. e6 Bxe6 15. Qxb7
Nd7 16. Qxc6 Nge5 17. Nxe5 Nxe5 18. Qxe8 Raxe8 19. Bb5 Nd7 20. Rad1 Rf7 21. Ne2
Rb8 22. a4 a6 23. Bxa6 Rxb2 24. Nxf4 Bb3 25. Rb1 c4 26. Rxb2 Bxb2 27. Rb1 Bd4
28. Nh3 Nc5 29. Bxc4 Bxc4 30. Rb4 Rb7 31. Rxc4 Nxe4 32. Bh6 Nd6 33. Rc6 Kg8 34.
g3 Nf5 35. Rc8+ Kf7 36. Rh8 Bxh8 37. Ng5+ Kg8 38. Ne6 Nxh6 {White resigns} 0-1

[Event "Team 45 45 League T39"]
[Site "Internet Chess Club"]
[Date "2008.11.02"]
[Round "2"]
[White "baumhauer"]
[Black "usc"]
[Result "0-1"]
[WhiteElo "1936"]
[BlackElo "1834"]
[Opening "English: symmetrical, four knights system"]
[ECO "A30"]
[Time "13:30:13"]
[TimeControl "2700+45"]

1. Nf3 Nf6 2. c4 c5 3. Nc3 Nc6 4. g3 d5 5. cxd5 Nxd5 6. Bg2 Nc7 7. O-O e5 8. d3
f6 9. Be3 Bf5 10. Rc1 Qd7 11. Na4 b6 12. Re1 Be7 13. a3 Nd5 14. Bd2 Be6 15. e3
O-O 16. Qc2 Rac8 17. Nc3 Rfd8 18. Red1 Nc7 19. Ne4 Qxd3 20. Qxd3 Rxd3 21. Ne1
Rdd8 22. Nxf6+ Bxf6 23. Bxc6 Bb3 24. Nc2 Rd6 25. Bf3 Rcd8 26. Bc3 Rxd1+ 27. Bxd1
Rxd1+ 28. Rxd1 Bxc2 29. Rd7 Nb5 30. Be1 e4 31. b4 c4 32. Kg2 Bb2 33. f3 Bxa3 34.
Rd5 a6 35. Re5 Kf7 36. fxe4 Kf6 37. Rf5+ Ke6 38. Kf3 c3 39. Rh5 Bd1+ {White
resigns} 0-1

[Event "Team 45 45 League T39"]
[Site "Internet Chess Club"]
[Date "2008.11.01"]
[Round "2"]
[White "rasdern"]
[Black "QueensCounselor"]
[Result "0-1"]
[WhiteElo "1694"]
[BlackElo "1904"]
[Opening "Réti: King's Indian attack, French variation"]
[ECO "A07"]
[Time "18:45:20"]
[TimeControl "2700+45"]

1. Nf3 d5 2. g3 Nf6 3. Bg2 e6 4. O-O Be7 5. d3 O-O 6. Nbd2 c5 7. e4 Nc6 8. Re1
Qc7 9. e5 Nd7 10. Qe2 b5 11. h4 Bb7 12. Nf1 c4 13. d4 b4 14. c3 bxc3 15. bxc3
Rab8 16. Bf4 Rfe8 17. N1h2 Nb6 18. Qc2 h6 19. g4 Qd8 20. g5 h5 21. Bg3 g6 22.
Bh3 Bf8 23. Kh1 Qe7 24. Ng1 Qa3 25. Ne2 Qa4 26. Qd2 Nd7 27. Nf4 Ba8 28. Bf1 Ba3
29. Reb1 Rb5 30. Rxb5 Qxb5 31. Qc2 Qb2 32. Qb1 Qxc3 33. Ne2 Qb2 34. Qd1 Rb8 35.
Bf4 Nb4 36. Rb1 Qxa2 37. Nc3 Qxf2 38. Qa4 Qxf4 39. Qxa3 Nc6 40. Rxb8+ Ndxb8 41.
Nb5 Qxh4 42. Qd6 Qe4+ 43. Kg1 c3 44. Nc7 Qxd4+ 45. Kh1 Qxe5 46. Qc5 Qxc7 {White
resigns} 0-1

[Event "Team 45 45 League T39"]
[Site "Internet Chess Club"]
[Date "2008.11.02"]
[Round "2"]
[White "charles-allen"]
[Black "QueensCounselor"]
[Result "1-0"]
[WhiteElo "1896"]
[BlackElo "1887"]
[Opening "Sicilian"]
[ECO "B50"]
[Time "10:00:08"]
[TimeControl "2700+45"]

1. e4 c5 2. Nf3 d6 3. Bc4 Nf6 4. Qe2 Nc6 5. c3 Bg4 6. h3 Bxf3 7. Qxf3 g6 8. O-O
Bg7 9. d3 O-O 10. Bb3 Qb6 11. Na3 Rfd8 12. Nc4 Qc7 13. Bf4 b5 14. Ne3 a5 15. Bg5
Ne5 16. Qe2 a4 17. Bxf6 exf6 18. Bd5 Rab8 19. f4 Nd7 20. f5 g5 21. h4 h6 22. Qh5
Nb6 23. hxg5 hxg5 24. Rf3 b4 25. Rc1 bxc3 26. Rxc3 Nxd5 27. Nxd5 Qd7 28. Rc2 Qe8
29. g4 Qe5 30. Qh2 Rb7 31. Qxe5 dxe5 32. Rff2 Rdb8 33. Kf1 Rb5 34. Ke1 Kh7 35.
Rh2+ Kg8 36. Kd1 R8b7 37. Kc1 a3 38. bxa3 Rb1+ 39. Kd2 Rg1 40. Rxc5 Rb2+ 41. Rc2
Rxc2+ 42. Kxc2 Rxg4 43. a4 Rh4 44. Rg2 Rh6 45. a5 Bf8 46. Kb3 Kg7 47. Kc4 Rh1
48. a6 Rc1+ 49. Nc3 Bc5 50. Kxc5 Rxc3+ 51. Kb6 Rxd3 52. a7 Rd6+ 53. Kc7 {Black
resigns} 1-0

[Event "Team 45 45 League T39"]
[Site "Internet Chess Club"]
[Date "2008.11.02"]
[Round "2"]
[White "LoseOften"]
[Black "ShanghaiTom"]
[Result "0-1"]
[WhiteElo "1770"]
[BlackElo "1757"]
[Opening "KGA: King's knight's gambit"]
[ECO "C37"]
[Time "09:00:17"]
[TimeControl "2700+45"]

1. e4 e5 2. f4 exf4 3. Nf3 g5 4. Bc4 d6 5. O-O Nc6 6. d4 Bg7 7. g3 Bh3 8. Rf2 g4
9. Bxf4 gxf3 10. Qxf3 Bxd4 11. Be3 Ne5 12. Bxf7+ Kd7 13. Qf4 Bxb2 14. c3 Bxa1
15. Bd4 Qe7 16. Bd5 c6 17. Bb3 Nd3 18. Qd2 Nxf2 19. Qxf2 Rf8 {White resigns} 0-1

[Event "Team 45 45 League T39"]
[Site "Internet Chess Club"]
[Date "2008.11.04"]
[Round "2"]
[White "BraafPaard"]
[Black "shakkiipe"]
[Result "1/2-1/2"]
[WhiteElo "1538"]
[BlackElo "1775"]
[Opening "Pirc defense"]
[ECO "B07"]
[Time "11:33:08"]
[TimeControl "2700+45"]

1. e4 d6 2. d4 Nf6 3. Nc3 g6 4. Bd3 c6 5. Nf3 Bg7 6. O-O O-O 7. Be3 Bg4 8. h3
Bxf3 9. Qxf3 Nbd7 10. Rab1 a6 11. Bg5 b5 12. a3 c5 13. Be3 c4 14. Be2 {Game
drawn by mutual agreement} 1/2-1/2

[Event "Team 45 45 League T39"]
[Site "Internet Chess Club"]
[Date "2008.11.01"]
[Round "2"]
[White "Klampin"]
[Black "Fegary"]
[Result "0-1"]
[WhiteElo "1956"]
[BlackElo "2125"]
[Opening "Two knights defense"]
[ECO "C56"]
[Time "13:30:18"]
[TimeControl "2700+45"]

1. e4 e5 2. Nf3 Nc6 3. d4 exd4 4. Bc4 Nf6 5. O-O Nxe4 6. Re1 d5 7. Bxd5 Qxd5 8.
Nc3 Qa5 9. Nxe4 Be6 10. Bd2 Bb4 11. Nxd4 Nxd4 12. c3 O-O-O 13. cxb4 Qb6 14. Nc5
Bf5 15. Rc1 Qg6 16. Rc3 Bg4 17. f3 Bh3 18. g3 a6 19. a4 Bf5 20. Qc1 Nc2 21. Re5
Rhe8 22. Rxf5 Nd4 23. Rg5 Ne2+ 24. Kf1 Qh6 25. Nxa6 Qh3+ {White resigns} 0-1

[Event "Team 45 45 League T39"]
[Site "Internet Chess Club"]
[Date "2008.10.31"]
[Round "2"]
[White "qs16"]
[Black "rayonline53"]
[Result "1/2-1/2"]
[WhiteElo "1755"]
[BlackElo "1549"]
[Opening "Budapest defense"]
[ECO "A52"]
[Time "16:01:23"]
[TimeControl "2700+45"]

1. d4 Nf6 2. c4 e5 3. dxe5 Ng4 4. e6 fxe6 5. e4 Ne5 6. Bf4 Ng6 7. Bd2 Bc5 8. Bd3
O-O 9. Nf3 e5 10. O-O Nc6 11. Nc3 Nd4 12. Nxd4 Bxd4 13. Qc2 d6 14. Rae1 c6 15.
Be3 Bxe3 16. Rxe3 Nf4 17. Ne2 Nxd3 18. Qxd3 Qe7 19. Rg3 Be6 20. b3 Rad8 21. Qe3
b6 22. Rd1 Rd7 23. Nc3 Rfd8 24. h3 Bf7 25. Qh6 Bg6 26. Qg5 Qxg5 27. Rxg5 Bf7 28.
Rg3 d5 29. cxd5 cxd5 30. exd5 Bxd5 31. Rgd3 Be6 32. Rxd7 Rxd7 33. Rxd7 Bxd7 34.
b4 Kf7 35. f3 Bc6 36. Kf2 Ke6 37. h4 h5 38. g4 g6 39. Ke3 Kf7 40. g5 Ke6 41. a3
Kf5 42. Ne2 Ke6 43. f4 Ba4 44. Nc3 Bc6 45. Ne2 Ba4 46. Nc3 Bc6 47. Ne2 Ba4 {Game
drawn by repetition} 1/2-1/2

[Event "Team 45 45 League T39"]
[Site "Internet Chess Club"]
[Date "2008.11.02"]
[Round "2"]
[White "nursey"]
[Black "oldsj"]
[Result "0-1"]
[WhiteElo "1605"]
[BlackElo "1569"]
[Opening "King's Indian: orthodox, 7...Nbd7"]
[ECO "E94"]
[Time "13:27:23"]
[TimeControl "2700+45"]

1. d4 Nf6 2. c4 g6 3. Nc3 Bg7 4. e4 d6 5. Nf3 O-O 6. Be2 e5 7. O-O Nbd7 8. d5
Nc5 9. Bg5 h6 10. b4 Ncxe4 11. Nxe4 hxg5 12. Nfxg5 Nxe4 13. Nxe4 f5 14. Nc3 e4
15. Rc1 Qg5 16. Re1 Be5 17. Nb5 Rf7 18. a4 Bxh2+ 19. Kxh2 Rh7+ 20. Kg1 Qh4
{White resigns} 0-1

[Event "Team 45 45 League T39"]
[Site "Internet Chess Club"]
[Date "2008.10.30"]
[Round "2"]
[White "GambitBandit"]
[Black "Ianjo"]
[Result "1-0"]
[WhiteElo "2096"]
[BlackElo "1858"]
[Opening "Pirc: classical (two knights) system"]
[ECO "B08"]
[Time "16:00:08"]
[TimeControl "2700+45"]

1. d4 Nf6 2. Nf3 g6 3. Nc3 d6 4. e4 Bg4 5. h3 Bxf3 6. Qxf3 Nbd7 7. e5 dxe5 8.
dxe5 Nxe5 9. Qxb7 Bg7 10. Bb5+ Ned7 11. Bf4 O-O 12. O-O-O e5 13. Bxe5 Qe7 14.
Bg3 Nb6 15. Rhe1 Qb4 16. a3 Qa5 17. Qa6 Qxa6 18. Bxa6 c5 19. Bd6 Rfe8 20. Bxc5
Nfd7 21. Rxe8+ Rxe8 22. Bb4 Ne5 23. b3 h5 24. a4 Nc6 25. Na2 Nxb4 26. Nxb4 Bc3
27. Na2 Bf6 28. a5 Na8 29. Rd7 Re1+ 30. Kd2 Ra1 31. Rxa7 Rxa2 32. Rxa8+ Kg7 33.
Bc4 Be7 34. a6 Bb4+ 35. Kd3 Bc5 36. f3 Ra1 37. Rc8 Rd1+ 38. Ke2 {Black resigns}
1-0

[Event "Team 45 45 League T39"]
[Site "Internet Chess Club"]
[Date "2008.11.01"]
[Round "2"]
[White "kidviper"]
[Black "LuxAeterna"]
[Result "0-1"]
[WhiteElo "1747"]
[BlackElo "1839"]
[Opening "Caro-Kann: advance variation"]
[ECO "B12"]
[Time "14:01:52"]
[TimeControl "2700+45"]

1. e4 c6 2. d4 d5 3. e5 Bf5 4. Bd3 Qc8 5. Ne2 c5 6. c3 cxd4 7. cxd4 Bxd3 8. Qxd3
e6 9. O-O Ne7 10. Nbc3 Nf5 11. Ng3 g6 12. Nce2 Nc6 13. Nxf5 gxf5 14. Bg5 Be7 15.
Bxe7 Kxe7 16. Ng3 Qd8 17. Nh5 Qb6 18. Qa3+ Qb4 19. Qxb4+ Nxb4 20. Rfc1 Rac8 21.
a3 Nc2 22. Rab1 Nxd4 23. Nf4 Rc6 24. Rxc6 Nxc6 25. Nd3 f6 26. f4 fxe5 27. fxe5
Rg8 28. Kf2 Rg4 29. h3 Rc4 30. g3 b6 31. h4 Rc2+ 32. Ke3 d4+ 33. Kf3 Rd2 34. Nb4
Nxe5+ 35. Kf4 Kf6 36. Re1 Rf2# {White checkmated} 0-1

[Event "Team 45 45 League T39"]
[Site "Internet Chess Club"]
[Date "2008.11.01"]
[Round "2"]
[White "GtoG"]
[Black "raimundo"]
[Result "0-1"]
[WhiteElo "1645"]
[BlackElo "1711"]
[Opening "Alekhine's defense"]
[ECO "B02"]
[Time "10:02:36"]
[TimeControl "2700+45"]

1. e4 Nf6 2. e5 Nd5 3. Bc4 Nb6 4. Bb3 Nc6 5. Nf3 d6 6. exd6 cxd6 7. d4 g6 8. O-O
Bg7 9. c3 O-O 10. h3 Bf5 11. Bf4 e5 12. dxe5 dxe5 13. Bg5 Qd3 14. Qxd3 Bxd3 15.
Re1 Rfe8 16. Nbd2 Na5 17. Re3 e4 18. Nd4 Nxb3 19. N2xb3 Nc4 20. Ree1 Nxb2 21.
Nc5 b6 22. Nxd3 exd3 23. Rab1 Nc4 24. Rxe8+ Rxe8 25. Nf3 Bxc3 26. Rc1 d2 27.
Nxd2 Bxd2 28. Bxd2 Nxd2 29. Rc7 a5 30. Rc6 Re6 31. Rc3 Ne4 32. Rb3 Nc5 33. Rb2
f5 34. f4 Kf7 35. g3 h5 36. Kg2 Ke7 37. h4 Kd6 38. Rxb6+ Kd5 39. Rb5 a4 40. a3
Re3 41. Rb6 Ne4 42. Rxg6 Rxg3+ 43. Rxg3 Nxg3 44. Kxg3 Ke4 45. Kh3 Kxf4 46. Kg2
Ke3 47. Kf1 f4 48. Ke1 f3 49. Kf1 f2 50. Kg2 Ke2 51. Kg3 f1=Q 52. Kh2 Qf3 53.
Kg1 Qg4+ 54. Kh1 Kf2 55. Kh2 Qxh4# {White checkmated} 0-1

[Event "Team 45 45 League T39"]
[Site "Internet Chess Club"]
[Date "2008.11.03"]
[Round "2"]
[White "catrasca"]
[Black "chesskix"]
[Result "0-1"]
[WhiteElo "1604"]
[BlackElo "1652"]
[Opening "Sicilian: Labourdonnais-Löwenthal (Kalashnikov) variation"]
[ECO "B32"]
[Time "19:00:21"]
[TimeControl "2700+45"]

1. e4 c5 2. Nf3 Nc6 3. d4 cxd4 4. Nxd4 e5 5. Nb5 d6 6. N1c3 a6 7. Na3 Nf6 8. Be3
Be7 9. Bd3 O-O 10. O-O Bg4 11. Qd2 Nb4 12. Be2 Bxe2 13. Nxe2 Nc6 14. f3 Rc8 15.
c3 b5 16. Nc2 Nh5 17. Rad1 g6 18. Nb4 Nxb4 19. cxb4 Rc6 20. Rc1 Qd7 21. Rxc6
Qxc6 22. Rc1 Qd7 23. Nc3 Nf4 24. Bxf4 exf4 25. Qxf4 Qa7+ 26. Kh1 f5 27. Rd1 fxe4
28. Qxe4 Rf5 29. f4 Kf8 30. Nd5 Bd8 31. Ne3 d5 32. Nxd5 Qf2 33. Re1 Rxd5 34.
Qe8+ Kg7 35. Re7+ Bxe7 36. Qxe7+ Kh6 37. Qg5+ Rxg5 38. fxg5+ Kg7 {White resigns}
0-1

[Event "Team 45 45 League T39"]
[Site "Internet Chess Club"]
[Date "2008.11.02"]
[Round "2"]
[White "ddlj81"]
[Black "alastorx"]
[Result "0-1"]
[WhiteElo "1867"]
[BlackElo "1868"]
[Opening "Scandinavian (center counter) defense"]
[ECO "B01"]
[Time "18:00:43"]
[TimeControl "2700+45"]

1. e4 d5 2. exd5 Qxd5 3. Nc3 Qa5 4. d4 Nf6 5. Nf3 Nc6 6. Bd3 Bg4 7. Be3 e5 8.
dxe5 Nxe5 9. Bf4 Bxf3 10. gxf3 Bb4 11. Bb5+ Qxb5 12. a4 Bxc3+ 13. bxc3 Qc5 14.
O-O O-O 15. Re1 Ng6 16. Bg3 Rad8 17. Qb1 Qc6 18. Re3 Rfe8 19. Qe1 Rxe3 20. Qxe3
Nd5 21. Qd4 Qxc3 22. Rd1 Qxd4 23. Rxd4 Rd7 24. c4 Nb6 25. Rxd7 Nxd7 26. a5 Nge5
27. c5 Nxf3+ 28. Kg2 Ne1+ 29. Kf1 Nd3 30. c6 bxc6 31. Bxc7 N3c5 32. Ke2 f6 33.
Kd1 Kf7 34. Kc2 Ke6 35. f3 Kd5 36. f4 Ne6 37. Bb6 Nxb6 38. axb6 axb6 {White
resigns} 0-1

[Event "Team 45 45 League T39"]
[Site "Internet Chess Club"]
[Date "2008.11.03"]
[Round "2"]
[White "kai"]
[Black "siddhu"]
[Result "1-0"]
[WhiteElo "1696"]
[BlackElo "1769"]
[Opening "Vienna game"]
[ECO "C28"]
[Time "11:48:52"]
[TimeControl "2700+45"]

1. e4 e5 2. Nc3 Nf6 3. Bc4 Nc6 4. d3 Na5 5. Nge2 Bc5 6. O-O Nxc4 7. dxc4 d6 8.
Qd3 c6 9. b3 O-O 10. Na4 Bb6 11. Nxb6 axb6 12. Bg5 h6 13. Bh4 g5 14. Bg3 Qe7 15.
Nc3 Nh5 16. Rad1 Rd8 17. Rd2 Nf4 18. Qe3 Ra6 19. Rfd1 h5 20. h4 Qf6 21. hxg5
Qxg5 22. Rxd6 Rxd6 23. Rxd6 h4 24. Bxf4 exf4 25. Qd4 Kh7 26. Rd8 f6 27. Rxc8 Qg7
28. Qd6 {Black resigns} 1-0

[Event "Team 45 45 League T39"]
[Site "Internet Chess Club"]
[Date "2008.10.31"]
[Round "2"]
[White "clarnibass"]
[Black "Egmont"]
[Result "1-0"]
[WhiteElo "1789"]
[BlackElo "1629"]
[Opening "English: Anglo-Dutch defense"]
[ECO "A10"]
[Time "04:00:06"]
[TimeControl "2700+45"]

1. c4 f5 2. Nc3 Nf6 3. g3 g6 4. Bg2 Bg7 5. d3 e5 6. e3 c6 7. Nge2 Na6 8. O-O Nc7
9. d4 e4 10. f3 exf3 11. Bxf3 d5 12. Qb3 Rb8 13. cxd5 cxd5 14. Nf4 Ne4 15. Nfxd5
Nxc3 16. Nxc7+ Qxc7 17. bxc3 b6 18. Ba3 Ba6 19. Qe6+ Kd8 20. Bd6 {Black resigns}
1-0

[Event "Team 45 45 League T39"]
[Site "Internet Chess Club"]
[Date "2008.11.02"]
[Round "2"]
[White "NFK"]
[Black "ZombieKnight"]
[Result "1/2-1/2"]
[WhiteElo "1650"]
[BlackElo "1721"]
[Opening "Sicilian: Canal-Sokolsky (Nimzovich-Rossolimo, Moscow) attack"]
[ECO "B51"]
[Time "14:55:42"]
[TimeControl "2700+45"]

1. e4 c5 2. Nf3 d6 3. Bb5+ Nd7 4. a4 a6 5. Bc4 e6 6. a5 Ngf6 7. d3 Be7 8. O-O
O-O 9. Re1 d5 10. exd5 exd5 11. Bb3 Bd6 12. Nc3 d4 13. Ne4 Nxe4 14. Rxe4 Nf6 15.
Bg5 h6 16. Bxf6 Qxf6 17. h3 Bd7 18. Nd2 Rfe8 19. Qh5 Bf5 20. Ree1 Bg6 21. Qd5
Rxe1+ 22. Rxe1 Qf4 23. Nf3 Rb8 24. g3 Qf6 25. Ne5 Re8 26. Nf3 Rxe1+ 27. Nxe1 Qe7
28. Nf3 Kf8 29. Nh4 Bh7 30. Nf5 Bxf5 31. Qxf5 g6 32. Qd5 Kg7 33. Kg2 h5 34. h4
Bb8 35. Bc4 Qc7 36. Bb3 Qe7 37. Bc4 {Game drawn by mutual agreement} 1/2-1/2

[Event "Team 45 45 League T39"]
[Site "Internet Chess Club"]
[Date "2008.11.02"]
[Round "2"]
[White "MRX"]
[Black "Ehab"]
[Result "1-0"]
[WhiteElo "1724"]
[BlackElo "1917"]
[Opening "Queen's pawn game"]
[ECO "D02"]
[Time "19:27:09"]
[TimeControl "2700+45"]

1. d4 d5 2. Nf3 c6 3. Bf4 e6 4. e3 f5 5. Bd3 Nf6 6. Nbd2 Bd6 7. Ne5 O-O 8. O-O
Qc7 9. c4 Nbd7 10. Ndf3 Ne4 11. Rc1 Qb8 12. Nxd7 Bxd7 13. Ne5 Be8 14. f3 Nf6 15.
Qe2 Nh5 16. Rfe1 Qd8 17. h3 Qh4 18. Bh2 Rd8 19. Qf2 Qe7 20. Qc2 Kh8 21. Rf1 Qh4
22. Qf2 Qg5 23. f4 Qe7 24. g4 fxg4 25. hxg4 Nf6 26. Bg3 Bxe5 27. fxe5 Nd7 28.
Qh2 Qg5 29. Qxh7# {Black checkmated} 1-0